AoeStats
← eugenibeto

Black Forest

506414079Analyzed
4v4 RM · 20d ago on Sep 13, 2026· 50m 2s· 8 players
Game mode
Random Map
Map size
Large (8 player)
Population
200
Speed
Normal
Resources
Standard
Victory
Conquest
Starting age
Dark Age
Ending age
Imperial Age
RankedLock teamsTeams togetherTeam positionsShared explorationLock speedFull tech treeHidden civsTurbo modeCheats
Victory
Defeat
🇳🇱 Britons · Netherlands
1215
+15
🇩🇪 Goths · Germany
1212
+15
🇧🇷 Celts · Brazil
1157
+17
🇪🇸 Persians · Spain
1146
+18
🇸🇮 Jurchens · Slovenia
1198
-17
🇭🇰 Bohemians · Hong Kong SAR China
1197
-17
🇨🇳 Britons · China
1181
-16
🇨🇳 Wei · China
1167
-15
m00n
0:30 Loom
11:56 Feudal Age
15:51 Castle Age
13:41 Double-Bit Axe
13:43 Horse Collar
19:00 Wheelbarrow
19:38 Heavy Plow
19:53 Bow Saw
27:37 Fortified Bastions
28:55 Hand Cart
29:55 Masonry
35:43 Imperial Age
35:34 Ballistics
35:07 Fletching
36:42 Elite Skirmisher
40:57 Bodkin Arrow
41:02 Padded Archer Armor
42:15 Bracer
YYS
8:03 Loom
11:39 Feudal Age
15:33 Castle Age
14:55 Double-Bit Axe
15:06 Horse Collar
17:16 Fervor
17:58 Bow Saw
20:27 Wheelbarrow
19:58 Heavy Plow
24:18 Hand Cart
30:20 Imperial Age
27:36 Treadmill Crane
30:21 Chemistry
30:02 Scale Mail Armor
30:13 Forging
30:11 Squires
29:57 Arson
29:32 Pikeman
32:10 Two-Man Saw
31:43 Fortified Wall
31:56 Conscription
31:51 Wagenburg Tactics
31:09 Halberdier
32:35 Chain Mail Armor
32:56 Iron Casting
32:58 Siege Engineers
34:44 Plate Mail Armor
34:05 Fletching
36:28 Blast Furnace
35:28 Padded Archer Armor
36:28 Bodkin Arrow
36:14 Houfnice
39:21 Elite Skirmisher
40:42 Leather Archer Armor
40:28 Bracer
44:06 Ballistics
The Knight
1:37 Loom
14:29 Feudal Age
15:05 Double-Bit Axe
19:54 Fletching
20:05 Padded Archer Armor
22:14 Gold Mining
22:08 Horse Collar
29:12 Castle Age
30:50 Bow Saw
31:43 Wheelbarrow
31:43 Pikeman
32:24 Squires
33:53 Scale Mail Armor
37:39 Hand Cart
37:23 Town Watch
40:31 Imperial Age
38:26 Forging
39:37 Fortified Wall
39:38 Masonry
41:22 Chain Mail Armor
41:42 Iron Casting
41:03 Bodkin Arrow
41:45 Leather Archer Armor
41:10 Elite Skirmisher
41:11 Crossbowman
43:30 Plate Mail Armor
44:57 Two-Man Saw
45:04 Bracer
45:24 Stone Mining
46:10 Gold Shaft Mining
46:08 Heavy Plow
48:31 Architecture
49:02 Chemistry
sinkhere
11:26 Feudal Age
10:04 Loom
11:51 Feudal Age
13:03 Double-Bit Axe
13:03 Horse Collar
16:06 Castle Age
14:39 Gold Mining
15:35 Stone Mining
24:00 Bow Saw
33:19 Gold Shaft Mining
33:23 Stone Shaft Mining
33:25 Wheelbarrow
37:14 Imperial Age
35:00 Hand Cart
36:10 Heavy Plow
37:54 Tuntian
39:02 Forging
38:52 Scale Mail Armor
41:08 Chain Mail Armor
41:28 Iron Casting
42:18 Crop Rotation
41:37 Town Watch
41:58 Caravan
41:51 Fletching
42:09 Scale Barding Armor
41:56 Fletching
41:40 Elite Tiger Cavalry
45:35 Blast Furnace
44:57 Chain Barding Armor
45:55 Conscription
46:00 Pikeman
49:53 Ming Guang Armor
49:31 Squires
Zaadlucht
6:39 Loom
11:46 Feudal Age
12:25 Double-Bit Axe
15:24 Castle Age
13:09 Horse Collar
16:46 Bow Saw
16:38 Heavy Plow
22:35 Gold Mining
25:04 Wheelbarrow
29:23 Imperial Age
27:24 Fletching
28:18 Hand Cart
27:47 Pikeman
29:01 Bodkin Arrow
29:37 Ballistics
29:57 Elite Longbowman
31:32 Yeomen
31:28 Bracer
31:29 Padded Archer Armor
31:29 Scale Mail Armor
32:44 Conscription
34:24 Leather Archer Armor
34:24 Chain Mail Armor
34:20 Forging
33:38 Halberdier
37:06 Squires
36:52 Arson
39:20 Ring Archer Armor
39:21 Plate Mail Armor
39:26 Iron Casting
39:55 Chemistry
39:01 Siege Engineers
43:57 Blast Furnace
46:23 Warwolf
47:32 Gold Shaft Mining
46:47 Stone Mining
49:26 Caravan
eletronvalente
0:44 Loom
10:19 Feudal Age
15:26 Castle Age
13:31 Double-Bit Axe
13:57 Horse Collar
19:14 Town Watch
24:17 Gold Mining
28:23 Wheelbarrow
28:44 Bow Saw
28:40 Heavy Plow
28:54 Fletching
30:09 Forging
30:00 Scale Mail Armor
34:24 Imperial Age
34:59 Iron Casting
34:40 Chain Mail Armor
35:29 Conscription
38:56 Hand Cart
39:43 Blast Furnace
39:53 Plate Mail Armor
39:28 Scale Barding Armor
41:47 Elite Woad Raider
44:21 Bodkin Arrow
44:26 Padded Archer Armor
45:57 Heavy Scorpion
47:11 Leather Archer Armor
47:50 Gold Shaft Mining
eugenibeto
2:02 Loom
11:41 Feudal Age
16:01 Castle Age
14:37 Double-Bit Axe
14:35 Horse Collar
16:58 Wheelbarrow
23:02 Hand Cart
25:56 Town Watch
26:49 Bow Saw
26:40 Heavy Plow
27:34 Town Patrol
31:19 Imperial Age
28:59 Scale Barding Armor
29:05 Forging
29:03 Caravan
29:06 Gold Mining
30:39 Chain Barding Armor
31:18 Husbandry
31:28 Bloodlines
32:39 Two-Man Saw
32:10 Crop Rotation
31:06 Cavalier
32:49 Plate Barding Armor
32:50 Iron Casting
33:01 Gold Shaft Mining
32:39 Heated Shot
35:29 Chemistry
34:22 Savar
35:39 Stone Mining
37:09 Blast Furnace
36:00 Fletching
36:12 Padded Archer Armor
38:49 Kamandaran
39:10 Conscription
40:45 Thumb Ring
40:00 Crossbowman
41:20 Bodkin Arrow
41:41 Leather Archer Armor
43:33 Ballistics
48:09 Citadels
47:59 Murder Holes
48:45 Ring Archer Armor
50:30 Stone Shaft Mining
Eric212
0:28 Loom
13:41 Feudal Age
14:34 Horse Collar
14:42 Double-Bit Axe
17:39 Gold Mining
23:51 Castle Age
22:44 Fletching
22:54 Padded Archer Armor
23:54 Padded Archer Armor
25:30 Elite Skirmisher
27:04 Wheelbarrow
27:32 Stone Mining
27:16 Pikeman
27:56 Squires
28:41 Forging
Connection lost

Rejoining the realm…

Still unreachable

The connection could not be restored.

Session expired

The server has moved on; the page needs a fresh start.